 Dungeon Crawl Stone Soup version 0.30-a0-568-g124715a40b (webtiles) character file.

Game seed: 9671416919540763326

3500 bande the Cleaver (level 10, -1/61 HPs)
             Began as a Gargoyle Fighter on Dec 29, 2022.
             Was a Believer of Okawaru.
             Slain by Grum
             ... wielding a +0 vampiric spear
              (4 damage)
             ... on level 8 of the Dungeon.
             The game lasted 00:13:43 (8722 turns).

bande the Cleaver (Gargoyle Fighter)                Turns: 8722, Time: 00:13:44

Health: -1/61      AC: 24    Str: 24    XL:     10   Next: 7%
Magic:  13/13      EV:  6    Int:  8    God:    Okawaru [**....]
Gold:   268        SH: 14    Dex: 14    Spells: 9/9 levels left

rFire   . . .      SeeInvis +    a - +1 war axe
rCold   . . .      Faith    .    H - +0 tower shield
rNeg    + . .      Spirit   .    y - +3 scale mail of Topeh {Will+ SInv}
rPois   ∞          Reflect  .    x - +0 helmet
rElec   +          Harm     .    h - +0 cloak
rCorr   +          Rampage  .    q - +0 pair of gloves
Will    ++...                    (no boots)
Stlth   +                        (no amulet)
HPRegen 0.30/turn                l - ring of resist corrosion
MPRegen 0.13/turn                o - ring of willpower

@: no status effects
A: sickness immunity, AC +7, negative energy resistance 1, electricity
resistance, torment resistance 1, petrification resistance, iridescent scales 1,
thin skeletal structure 1, strong 1
a: Renounce Religion, Heroism


You were on level 8 of the Dungeon.
You worshipped Okawaru.
Okawaru was pleased with you.
You visited 2 branches of the dungeon, and saw 9 of its levels.
You also visited: Ossuary.

You collected 527 gold pieces.
You spent 259 gold pieces at shops.

Inventory:

Hand Weapons
 a - a +1 war axe (weapon)
 i - a +2 hand axe of flaming
 G - a +0 broad axe of chaos
Armour
 h - a +0 cloak (worn)
 q - a +0 pair of gloves (worn)
 u - a +0 hat
 x - a +0 helmet (worn)
 y - the +3 scale mail of Topeh (worn) {Will+ SInv}
   (You found it on level 5 of the Dungeon)

   SInv:      It lets you see invisible.
   Will:      It increases your willpower.
 H - a +0 tower shield (worn)
Jewellery
 l - a ring of resist corrosion (left hand)
 m - a +6 ring of intelligence
 o - a ring of willpower (right hand)
 v - a +6 ring of intelligence
Wands
 n - a wand of digging (5)
 E - a wand of light (12)
Scrolls
 f - 4 scrolls of teleportation
 k - 3 scrolls of blinking
 r - a scroll of amnesia
 s - 2 scrolls of poison
 w - a scroll of fog
 B - 2 scrolls of identify
 F - 2 scrolls of magic mapping
Potions
 d - 3 potions of might
 e - a potion of invisibility {unknown}
 g - 3 potions of heal wounds
 j - 5 potions of curing
 p - 2 potions of degeneration {unknown}
 t - a potion of haste
 A - 2 potions of flight {unknown}
 C - 2 potions of berserk rage
 D - a potion of mutation


   Skills:
 + Level 6.5 Fighting
 + Level 9.0 Axes
 + Level 7.2 Armour
 + Level 6.0 Shields
 * Level 4.4 Invocations
 * Level 1.9 Evocations


You had 9 spell levels left.
You didn't know any spells.
Your spell library was empty.

Dungeon Overview and Level Annotations

Branches:
Dungeon (8/15)             Temple (1/1) D:5         Ossuary (visited)
   Lair: D:8-11

Altars:
Ashenzari
Dithmenos
Elyvilon
Gozag
Hepliaklqana
Kikubaaqudgha
Makhleb
Nemelex Xobeh
Okawaru
Qazlal
Ru
Sif Muna
Trog
Uskayaw
Vehumet
Wu Jian
Xom
Yredelemnul
Zin

Shops:
D:7 *

Annotations:
D:8 Grum


Innate Abilities, Weirdness & Mutations

You are immune to sickness and miasma.
Your stone body is resilient. (AC +7)
You are immune to poison.
You resist negative energy. (rN+)
You are resistant to electric shocks. (rElec)
You are resistant to unholy torment.
You are immune to petrification.
You are partially covered in iridescent scales. (AC +2)
You have a somewhat thin skeletal structure. (Dex +2, Stealth+)
Your muscles are strong. (Str +4, Int/Dex -1)


Message History

The wolf bites you but does no damage. x2
Grum hits you from afar with a +0 vampiric spear!
The wolf bites you! The bullfrog barely misses you.
You are too injured to fight recklessly!
You are too injured to fight recklessly!
Unknown command.
You hit the wolf.
The wolf is moderately wounded.
You hit the bullfrog but do no damage. You miss the wolf.
You closely miss the wolf. You block the wolf's attack.
The wolf bites you but does no damage. x2; The bullfrog hits you.
* * * LOW HITPOINT WARNING * * *
You block the wolf's attack. The wolf bites you.
* * * LOW HITPOINT WARNING * * *
You block Grum's attack. The wolf barely misses you.
The bullfrog barely misses you. The wolf closely misses you.
Unknown command.
You slash the wolf!
The wolf is severely wounded.
You barely miss the bullfrog. You hit the wolf but do no damage.
You closely miss the wolf. You block the wolf's attack.
The wolf bites you but does no damage. x2; You block the bullfrog's attack.
The wolf bites you but does no damage. You block Grum's attack.
The wolf closely misses you. The wolf bites you but does no damage.
The bullfrog hits you but does no damage.
The wolf bites you.
* * * LOW HITPOINT WARNING * * *
You block Grum's attack.
Unknown command.
You closely miss the wolf.
The wolf is severely wounded.
You closely miss the bullfrog. You closely miss the wolf.
You hit the wolf but do no damage. The wolf barely misses you. x2
The bullfrog barely misses you. The wolf closely misses you.
The wolf bites you!
* * * LOW HITPOINT WARNING * * *
You block the wolf's attack.
The bullfrog hits you but does no damage.
Grum hits you from afar with a +0 vampiric spear.
You die...

#........
#........ #.#
#........ ....
#..~..... ...
#..~..... #..
#.g......
#.###hF......
#####
##...h@h......
.....
#.....########
.....#+#.....#
.............#
.)........####
..........#
..........#
###.......###
####+#....#


You could see Grum, 3 wolves and a bullfrog.

Vanquished Creatures
  Pikel (D:5)
  Sigmund (D:2)
  Eustachio (D:5)
  A water moccasin (D:8)
  2 orc warriors
  3 ice beasts
  A sky beast (D:4)
  2 black bears
  An ogre (D:5)
  A wolf (D:8)
  3 centaurs (D:7)
  A phantom (D:3)
  4 lemures (D:5)
  A kobold brigand (D:6)
  2 bullfrogs
  3 necrophages
  A scorpion (D:5)
  A howler monkey (D:5)
  4 hounds
  A jelly (D:4)
  6 orc priests
  7 iguanas
  Terence (D:3)
  7 orc wizards
  3 mummies (Ossuary)
  A gnoll (D:1)
  7 adders
  A shadow imp (D:5)
  3 adder zombies (Ossuary)
  3 worms (D:2)
  3 dart slugs
  33 orcs
  7 endoplasms
  3 giant cockroaches
  4 goblins
  8 hobgoblins
  2 quokkas
  4 ball pythons
  5 bats
  5 frilled lizards
  4 goblin zombies (Ossuary)
  4 hobgoblin zombies (Ossuary)
  13 kobolds
  2 kobold zombies (Ossuary)
  3 quokka zombies (Ossuary)
  5 rats
  2 rat zombies (Ossuary)
181 creatures vanquished.

Vanquished Creatures (others)
  3 withered plants (D:2)
3 creatures vanquished.

Grand Total: 184 creatures vanquished

Notes
Turn   | Place    | Note
-------+----------+-------------------------------------------
     0 | D:1      | bande the Gargoyle Fighter began the quest for the Orb.
     0 | D:1      | Reached XP level 1. HP: 14/14 MP: 1/1
    66 | D:1      | Reached XP level 2. HP: 19/19 MP: 2/2
   237 | D:1      | Reached skill level 2 in Axes
   457 | D:1      | Reached XP level 3. HP: 8/23 MP: 3/3
  1782 | D:2      | Noticed Sigmund
  1798 | D:2      | Killed Sigmund
  1799 | D:2      | Reached skill level 3 in Axes
  1799 | D:2      | Reached XP level 4. HP: 13/29 MP: 4/4
  1799 | D:2      | Reached XP level 5. HP: 15/33 MP: 5/5
  2166 | D:2      | Reached XP level 6. HP: 38/38 MP: 6/6
  2171 | D:2      | Found a faded altar of an unknown god.
  2401 | D:3      | Reached skill level 4 in Axes
  2451 | D:3      | Noticed Terence
  2467 | D:3      | Killed Terence
  3107 | D:4      | Reached skill level 5 in Armour
  3133 | D:4      | Found a shimmering altar of Xom.
  3157 | D:4      | Found a sparkling altar of Nemelex Xobeh.
  3319 | D:4      | Noticed a sky beast
  3338 | D:4      | Killed a sky beast
  3339 | D:4      | Reached skill level 5 in Axes
  3339 | D:4      | Reached XP level 7. HP: 38/44 MP: 7/7
  3466 | D:4      | Found an ancient bone altar of Kikubaaqudgha.
  3469 | D:4      | Found a radiant altar of Vehumet.
  3469 | D:4      | Found a bloodstained altar of Trog.
  3474 | D:4      | Found an opulent altar of Gozag.
  3719 | D:5      | Entered Level 5 of the Dungeon
  4546 | D:5      | Reached skill level 5 in Fighting
  4546 | D:5      | Reached skill level 6 in Axes
  4546 | D:5      | Reached XP level 8. HP: 39/49 MP: 8/8
  4848 | D:5      | Identified the +3 scale mail of Topeh {Will+ SInv}
  4997 | D:5      | Gained mutation: You have a somewhat thin skeletal
                  | structure. (Dex +2, Stealth+) [potion of mutation]
  4997 | D:5      | Gained mutation: You do not regenerate when monsters are
                  | visible. [potion of mutation]
  4997 | D:5      | Gained mutation: Your spells are a little harder to cast,
                  | but a little more powerful. [potion of mutation]
  4998 | D:5      | Lost mutation: You do not regenerate when monsters are
                  | visible. [potion of mutation]
  4998 | D:5      | Lost mutation: Your spells are a little harder to cast, but
                  | a little more powerful. [potion of mutation]
  4998 | D:5      | Gained mutation: Your muscles are strong. (Str +4, Int/Dex
                  | -1) [potion of mutation]
  4998 | D:5      | Gained mutation: You are partially covered in iridescent
                  | scales. (AC +2) [potion of mutation]
  5039 | D:5      | Noticed Eustachio
  5041 | D:5      | Found a staircase to the Ecumenical Temple.
  5054 | D:5      | Killed Eustachio
  5057 | Temple   | Entered the Ecumenical Temple
  5148 | Temple   | Became a worshipper of Warmaster Okawaru
  5404 | D:6      | Noticed Pikel
  5800 | D:5      | Killed Pikel
  5800 | D:5      | Reached * piety under Okawaru
  5801 | D:5      | Reached skill level 7 in Axes
  5801 | D:5      | Reached skill level 5 in Shields
  5801 | D:5      | Reached XP level 9. HP: 22/54 MP: 8/10
  6396 | D:6      | Found a broken altar of Ashenzari.
  6536 | D:6      | Reached skill level 8 in Axes
  6688 | D:6      | Reached ** piety under Okawaru
  7269 | D:7      | Found a sand-covered staircase.
  7278 | Ossuary  | Entered an ossuary
  7990 | D:7      | Found Buvic's Bounteous Boutique.
  8065 | D:7      | Bought a +0 broad axe for 56 gold pieces
  8065 | D:7      | Bought a scroll of brand weapon for 133 gold pieces
  8065 | D:7      | Bought a potion of berserk rage for 70 gold pieces
  8192 | D:7      | Reached skill level 1 in Evocations
  8680 | D:8      | Reached XP level 10. HP: 61/61 MP: 13/13
  8707 | D:8      | Noticed Grum
  8719 | D:8      | Reached skill level 9 in Axes
  8722 | D:8      | HP: 3/61 [wolf[Grum] (8)]
  8722 | D:8      | Slain by Grum

Illustrated notes

Levels and vault maps discovered:
D:1:      wander_arrival_desolate, layout_basic, nicolae_grassy_gnolls
D:2:      layout_basic, ebering_ecumenical_altar_petrified, uniq_sigmund
D:3:      layout_loops_ring, uniq_terence
D:4:      layout_rooms, minitemple, nemelex_altar_shiori,
          mainiacjoe_overflow_catwalk, serial_curves, eino_curves_04,
          eino_curves_04, grunt_decor_mini_mirrors
D:5:      layout_rooms, minmay_temple_entry_nine_rooms,
          chequers_serial_rivers_micro_c, grunt_decor_fettered,
          minmay_misc_feat_five, uniq_eustachio
D:6:      layout_layer_cave, general_overflow_altar, st_stairs_1, uniq_pikel
D:7:      layout_gridville, nicolae_ossuary_entry_ruins, nicolae_alphabet_shops
D:8:      layout_basic, gammafunk_ghost_grave, uniq_grum, uniq_maurice
Temple:   eino_narrow_crystal_temple

Skill      XL: |  1  2  3  4  5  6  7  8  9 10 |
---------------+-------------------------------+-----
Axes           | 2 3 5 6 7 8 9 |  9.0
Armour         | 4 5 6 7 |  7.2
Fighting       | 4 5 6 |  6.5
Shields        | 4 5 6 |  6.0
Invocations    | 2 4 |  4.4
Evocations     | 1 |  1.9

Action                   |  1- 3 |  4- 6 |  7- 9 | 10-12 || total
-------------------------+-------+-------+-------+-------++-------
Melee: War axe           |    93 |   136 |   448 |    19 ||   696
  Use: Scroll            |     5 |     3 |     9 |       ||    17
       Potion            |       |       |     2 |       ||     2
 Stab: Sleeping          |       |       |     1 |       ||     1
Armor: Scale mail        |    49 |    94 |   228 |    50 ||   421
       Chain mail        |       |       |   103 |       ||   103
Dodge: Dodged            |    27 |    76 |   210 |    31 ||   344
Block: Buckler           |    19 |    30 |   134 |       ||   183
       Tower shield      |       |       |    33 |    41 ||    74

Table legend: (Time is in decaauts)
 A = Elapsed time spent in this place.
 B = Non-inter-level travel time spent in this place.
 C = Inter-level travel time spent in this place.
 D = Time resting spent in this place.
 E = Time spent auto-exploring this place.
 F = Levels seen in this place.
 G = Mean time per level.
                   A        B        C        D        E       F      G
               +--------+--------+--------+--------+--------+-----+--------+
         Total |   8908 |   8669 |    239 |   2103 |   4861 |  10 |  890.8 |
       Dungeon |   8294 |   8069 |    225 |   1761 |   4721 |   8 | 1036.8 |
        Temple |    106 |     92 |     14 |      0 |     81 |   1 |  106.0 |
       Ossuary |    507 |    507 |      0 |    342 |     59 |   1 |  507.0 |
               +--------+--------+--------+--------+--------+-----+--------+

Top non-repeatable levels by time:
     D:5: 2009 daAuts
     D:6: 1343 daAuts
     D:1: 1186 daAuts
     D:2: 1168 daAuts
     D:3: 812 daAuts
     D:7: 793 daAuts
     D:4: 752 daAuts
 Ossuary: 507 daAuts
     D:8: 227 daAuts
  Temple: 106 daAuts
